Map: Ley Lines

Players

KimChiStew - Winner!

  • Race: Terran Terran
  • League: Master
  • Spawn Location: 1:00

MauricioDCC

  • Race: Terran Terran
  • League: Diamond
  • Spawn Location: 7:00

VOD

Have the link to the VOD?

Description

Time

  • Played on: Oct. 28, 2025, 8:20 p.m.
  • Length: 15:09
Show
View Real Time Build Order
Export as new Build Order

KimChiStew Terran - Winner!

Build Orders: Cyclone Opening 

Get SALT Encoding   

  12  0:00  SCV  
  13  0:12  SCV  
  14  0:22  Supply Depot  
  14  0:27  SCV  
  15  0:44  SCV  
  15  0:45  Barracks  
  15  0:48  Refinery  
  16  0:56  SCV  
  17  0:58  Refinery  
  17  1:08  SCV  
  18  1:20  SCV  
  19  1:32  Orbital Command  
  19  1:33  Supply Depot  
  19  1:34  Reaper  
  20  1:49  Factory  
  20  1:59  SCV  
  21  2:07  Reaper  
  22  2:12  SCV  
  23  2:19  Command Center  
  23  2:25  SCV  
  24  2:33  Factory Tech Lab  
  25  2:37  SCV  
  24  2:54  Cyclone  
  25  3:00  Barracks Reactor  
  25  3:01  SCV  
  26  3:09  Starport  
  26  3:13  SCV  
  27  3:23  Supply Depot  
  27  3:25  SCV  
  28  3:28  Siege Tank  
  31  3:45  SCV  
  32  3:50  Supply Depot  
  32  3:52  Refinery  
  32  3:54  Viking  
  34  3:56  Refinery  
  34  3:57  SCV  
  34  4:00  Viking  
  37  4:09  SCV  
  38  4:15  Orbital Command  
  38  4:19  Siege Tank  
  38  4:21  SCV  
  41  4:33  SCV  
  41  4:37  Viking  
  40  4:45  SCV  
  32  5:33  Siege Tank  
  25  5:42  SCV  
  22  5:54  SCV  
  22  5:55  SCV  
  24  6:06  Siege Tank  
  24  6:07  SCV x2  
  30  6:19  SCV x2  
  30  6:20  Supply Depot  
  30  6:21  Viking  
  34  6:31  SCV x2  
  35  6:38  Siege Tank  
  38  6:43  SCV x2  
  38  6:46  Barracks x2  
  40  6:55  SCV x2  
  40  6:56  Medivac  
  40  6:57  Medivac  
  40  6:59  Barracks  
  46  7:07  SCV x2  
  46  7:19  SCV x2  
  45  7:31  SCV  
  45  7:32  SCV  
  45  7:34  Marine x2  
  45  7:36  Siege Tank  
  65  7:37  Medivac  
  52  7:43  SCV  
  52  7:44  SCV  
  54  7:52  Marine x2  
  54  7:53  Marine  
  54  7:56  SCV  
  58  8:03  SCV  
  59  8:08  SCV  
  59  8:10  Marine  
  59  8:15  SCV  
  59  8:20  SCV  
  55  8:27  SCV  
  55  8:30  Marine x3  
  55  8:32  SCV  
  57  8:44  SCV  
  56  8:49  Engineering Bay, SCV  
  56  8:52  Barracks Tech Lab  
  56  8:53  Barracks Tech Lab  
  57  9:00  Barracks Reactor  
  57  9:01  SCV  
  58  9:03  SCV  
  58  9:05  Supply Depot  
  58  9:06  Supply Depot  
  59  9:10  Barracks  
  59  9:13  SCV  
  59  9:14  Barracks  
  59  9:15  SCV, Command Center  
  59  9:16  Supply Depot x2  
  61  9:18  Stimpack, Combat Shield  
  61  9:25  SCV, Missile Turret  
  61  9:27  Siege Tank, SCV  
  61  9:28  Missile Turret  
  66  9:33  Missile Turret  
  66  9:35  Missile Turret  
  66  9:36  Terran Infantry Weapons Level 1  
  66  9:37  SCV  
  66  9:38  Engineering Bay, Missile Turret  
  67  9:39  SCV  
  68  9:49  Marine x4, SCV  
  68  9:51  SCV  
  71  10:01  SCV, Missile Turret  
  71  10:03  SCV  
  71  10:04  Marine x2  
  71  10:07  Marine x4  
  75  10:13  SCV  
  68  10:21  Marine  
  68  10:22  Marine  
  68  10:24  Marine x2  
  68  10:26  Marine x2  
  68  10:27  Siege Tank, Medivac x2  
  81  10:32  SCV  
  82  10:37  Terran Infantry Armor Level 1  
  82  10:39  Armory  
  82  10:42  Marine  
  85  10:44  Barracks Reactor, SCV  
  85  10:46  Barracks Tech Lab  
  85  10:47  Concussive Shells  
  85  10:48  SCV  
  85  10:51  Marine x2, Supply Depot, Marauder  
  85  10:52  Supply Depot  
  85  10:56  SCV  
  90  10:57  Orbital Command  
  90  10:59  Siege Tank  
  90  11:00  SCV  
  90  11:01  Marine  
  95  11:06  Marine  
  95  11:08  SCV  
  95  11:09  Marine x2  
  99  11:12  Marine, SCV  
  99  11:14  Supply Depot  
  101  11:18  Marine  
  101  11:25  Marauder  
  81  11:39  Marine x4, Marauder x2  
  87  11:46  Marauder  
  89  11:52  Refinery  
  89  11:53  Refinery  
  89  11:54  Supply Depot  
  89  11:56  Marine  
  89  11:57  Marine x3, Missile Turret  
  89  12:00  Supply Depot, Marauder x2  
  97  12:07  Marauder  
  99  12:09  Siege Tank  
  99  12:14  Marine x3, SCV  
  99  12:15  Marine, SCV x2  
  109  12:21  Marine, Marauder  
  112  12:26  SCV  
  112  12:27  SCV x2  
  112  12:28  Marine  
  116  12:32  Marine x4  
  120  12:38  SCV  
  120  12:39  Marauder  
  120  12:43  Marauder  
  120  12:46  Marauder  
  120  12:50  Marine x2  
  114  12:54  Marine x2  
  116  13:01  Marauder  
  116  13:04  Marauder  
  118  13:07  Marine  
  118  13:08  Marine  
  106  13:22  Marine x4  
  106  13:25  Marine x3  
  112  13:40  Marine x4  
  116  13:43  Marine x3  
  119  13:58  Marine x4  
  119  14:00  Marine, Missile Turret  
  119  14:01  Marine x2  
  117  14:16  Marine x4  
  120  14:18  Marine  
  120  14:19  Marine x2  
  109  14:33  Marine  
  109  14:34  Marine x3  
  109  14:36  Marine x2  
  109  14:37  Marine  
Show
View Real Time Build Order
Export as new Build Order

MauricioDCC Terran 

Build Orders: 1/1/1 

Get SALT Encoding   

  12  0:01  SCV  
  13  0:13  SCV  
  14  0:18  Supply Depot  
  14  0:25  SCV  
  15  0:32  Refinery  
  15  0:40  SCV  
  16  0:45  Barracks  
  16  0:52  SCV  
  16  0:56  Refinery  
  17  1:04  SCV  
  18  1:14  Supply Depot  
  18  1:16  SCV  
  19  1:28  SCV  
  20  1:33  Reaper  
  20  1:39  Factory  
  21  1:44  SCV  
  22  1:56  SCV  
  23  2:06  Marine  
  25  2:08  SCV  
  25  2:20  SCV  
  26  2:23  Hellion  
  26  2:24  Starport, Marine  
  26  2:29  Supply Depot  
  29  2:33  SCV  
  30  2:50  Factory Tech Lab  
  29  3:03  Medivac  
  30  3:12  Marine  
  30  3:16  Orbital Command  
  31  3:22  Cyclone, Command Center  
  34  3:31  Supply Depot  
  34  3:39  Barracks Reactor  
  34  3:42  SCV  
  34  3:45  Starport Reactor  
  35  3:54  Barracks  
  35  3:55  SCV  
  36  4:01  Cyclone  
  39  4:07  SCV  
  39  4:08  Supply Depot  
  40  4:19  SCV  
  40  4:22  Viking  
  43  4:31  SCV  
  44  4:43  SCV  
  45  4:49  Marine  
  45  4:50  Bunker  
  46  4:55  SCV  
  46  4:58  Siege Tank  
  48  5:02  Marine  
  49  5:10  Marine  
  49  5:11  Viking  
  49  5:19  Viking  
  50  5:40  Orbital Command  
  50  5:41  Viking  
  49  5:54  SCV  
  47  5:58  Factory Tech Lab  
  47  5:59  Stimpack  
  47  6:06  SCV, Orbital Command  
  48  6:14  Refinery  
  48  6:16  Viking  
  50  6:26  SCV  
  50  6:30  Armory  
  51  6:38  Viking  
  53  6:42  SCV  
  53  6:46  Refinery  
  54  6:49  Supply Depot  
  54  6:50  Barracks Reactor  
  54  6:53  SCV  
  55  6:54  SCV  
  55  6:59  Bunker  
  56  7:05  Siege Tank, SCV  
  56  7:06  SCV  
  61  7:11  Viking  
  63  7:17  SCV  
  63  7:18  SCV  
  65  7:22  Factory  
  65  7:29  SCV  
  66  7:30  SCV  
  66  7:33  Starport  
  67  7:41  SCV  
  67  7:42  SCV  
  69  7:52  Supply Depot  
  69  7:53  SCV  
  69  7:54  Supply Depot  
  70  8:00  Supply Depot  
  70  8:06  Terran Ship Weapons Level 1  
  70  8:13  Siege Tank, SCV x2, Liberator  
  72  8:25  Viking  
  72  8:26  SCV  
  71  8:29  SCV  
  72  8:38  SCV  
  70  8:41  SCV  
  70  8:46  Siege Tank  
  72  8:48  Factory Tech Lab  
  72  8:50  SCV  
  72  8:52  Armory  
  72  8:53  SCV  
  72  8:55  Starport  
  74  8:56  Smart Servos  
  74  8:58  Marine  
  75  9:05  Command Center  
  75  9:08  Barracks Tech Lab  
  75  9:11  Armory  
  75  9:12  SCV x2  
  77  9:19  Marine  
  78  9:24  SCV x2  
  78  9:29  Armory  
  80  9:35  Interference Matrix  
  80  9:36  SCV x2  
  80  9:37  Viking  
  84  9:43  Refinery  
  84  9:45  Viking  
  86  9:46  Siege Tank x2  
  86  9:48  SCV  
  93  10:18  Siege Tank  
  84  10:22  Siege Tank  
  84  10:23  Viking  
  84  10:24  Viking  
  84  10:25  Terran Vehicle Weapons Level 1  
  91  10:43  Command Center  
  91  10:44  Refinery  
  91  10:45  SCV x2  
  93  10:50  Siege Tank  
  93  10:52  Refinery  
  93  10:55  Supply Depot, Refinery  
  93  10:57  Supply Depot, SCV x2  
  96  11:01  Orbital Command  
  98  11:09  SCV x2  
  98  11:10  Viking  
  102  11:13  Cloaking Field  
  102  11:21  SCV  
  79  11:35  Siege Tank x2  
  79  11:39  Viking  
  81  11:41  SCV x2  
  81  11:42  SCV  
  84  11:48  Viking  
  84  11:49  Marine, Raven  
  84  11:53  SCV  
  90  12:04  Bunker  
  90  12:07  Siege Tank x2  
  96  12:10  Engineering Bay  
  96  12:14  Engineering Bay  
  96  12:16  Viking  
  98  12:26  Factory  
  98  12:30  Bunker  
  98  12:31  Viking, Factory  
  98  12:35  Viking  
  102  12:39  Siege Tank  
  102  12:40  Siege Tank  
  102  13:11  Siege Tank  
  105  13:19  Refinery  
  96  13:24  Factory Tech Lab  
  96  13:27  Refinery  
  93  13:31  Marine  
  93  13:33  Raven  
  93  13:39  Factory Tech Lab  
  83  13:43  Siege Tank, Planetary Fortress  
  80  13:57  Bunker, Liberator  
  80  13:58  Bunker, Liberator x3  
  80  14:01  Marine  
  93  14:04  Factory Tech Lab  
  93  14:08  Marine  
  85  14:15  Siege Tank  
  80  14:23  Siege Tank  
  82  14:25  Marine  
  77  14:41  Command Center  
  77  14:42  Refinery  
  77  14:44  Refinery  
  72  14:45  Marine  
  72  14:50  Command Center  
  60  14:53  Refinery  
  60  14:56  Refinery  
Tags
 
Add a new tag
Caveats
  • Supply blocks, unpowered buildings, or Contaminate may cause inaccurate times.
  • Supply counts are checked every 10 seconds.